 Dungeon Crawl Stone Soup version 0.31-a0-662-g684573625c (webtiles) character file.

Game seed: 12382571407936461862

75416 Arcadio the Grappler (level 15, -1/158 HPs)
             Began as a Troll Fighter on Aug 31, 2023.
             Was an Elder of Qazlal.
             Slain by a seven-headed hydra (10 damage)
             ... on level 13 of the Dungeon.
             The game lasted 01:07:54 (19034 turns).

Arcadio the Grappler (Troll Fighter)               Turns: 19034, Time: 01:07:55

Health: -1/158     AC: 12    Str: 40    XL:     15   Next: 9%
Magic:  5/22       EV: 15    Int: 10    God:    Qazlal [****..]
Gold:   580        SH:  5    Dex: 15    Spells: 14/14 levels left

rFire   . .          .
                       - Unarmed
rCold   . . .        (no shield)
rNeg    . . .        Q - +0 troll leather armour
rPois   .            (helmet restricted)
rElec   +            U - +2 cloak {Stlth+}
rCorr   .            (gloves unavailable)
SInv    .            (boots unavailable)
Will    +....        p - amulet of the acrobat
Stlth   +            Y - ring of Hukocoq {rElec Str+6 Int+6}
HPRegen 2.06/turn    y - +6 ring of dexterity
MPRegen 0.18/turn

%: repel missiles, acrobat
@: protected from physical damage, studying 2 skills, invisible
A: large, unfitting armour, claws 3, regeneration 1, shaggy fur 1, tough skin 1
a: Renounce Religion, Upheaval, Elemental Force


You were on level 13 of the Dungeon.
You worshipped Qazlal.
Qazlal was greatly pleased with you.
You visited 4 branches of the dungeon, and saw 21 of its levels.
You visited 1 bazaar.
You also visited: Sewer and Gauntlet.

You collected 2137 gold pieces.
You spent 1557 gold pieces at shops.

Inventory:

Hand Weapons
 F - a +2 flail of protection
Missiles
 i - 3 throwing nets
Armour
 N - a +2 robe of cold resistance
 Q - a +0 troll leather armour (worn)
 U - a +2 cloak of stealth (worn)
 Z - +0 acid dragon scales
Jewellery
 p - an amulet of the acrobat (around neck)
 u - a ring of protection from fire
 y - a +6 ring of dexterity (right claw)
 I - an amulet of reflection
 R - a ring of willpower
 T - a ring of see invisible
 W - an amulet of guardian spirit
 Y - the ring of Hukocoq (left claw) {rElec Str+6 Int+6}
   (You found it in a Gauntlet)

   [ring of intelligence]

   Str+6:     It affects your strength (+6).
   Int+6:     It affects your intelligence (+6).
   rElec:     It insulates you from electricity.
Wands
 m - a wand of flame (33)
 t - a wand of polymorph (8)
 x - a wand of light (16)
 G - a wand of roots (18)
 M - a wand of charming (13)
 X - a wand of digging (3)
Scrolls
 a - a scroll of enchant weapon {unknown}
 c - a scroll of vulnerability
 e - 4 scrolls of enchant armour
 g - 2 scrolls of revelation
 n - 2 scrolls of noise
 o - 3 scrolls of poison
 q - 2 scrolls of fear
 r - a scroll of identify
 s - 3 scrolls of fog
 v - 4 scrolls of immolation
 D - 4 scrolls of amnesia
 E - 2 scrolls of summoning {unknown}
 J - 3 scrolls of teleportation {unknown}
 S - 2 scrolls of brand weapon {unknown}
Potions
 d - 6 potions of haste
 f - a potion of might
 h - 2 potions of invisibility
 j - 2 potions of cancellation {unknown}
 k - 3 potions of enlightenment
 l - 5 potions of magic
 z - a potion of attraction {unknown}
 A - 2 potions of lignification {unknown}
 B - 2 potions of brilliance {unknown}
 K - a potion of berserk rage {unknown}
 L - a potion of curing
 O - 2 potions of degeneration {unknown}
Miscellaneous
 P - a tin of tremorstones (2/2)
 V - a phial of floods (inert)


   Skills:
 + Level 12.5 Fighting
 - Level 8.0 Armour
 + Level 12.0 Dodging
 - Level 2.7 Shields
 + Level 14.5 Unarmed Combat
 + Level 10.7 Invocations


You had 14 spell levels left.
You didn't know any spells.
Your spell library contained the following spells:

 Spells                   Type           Power      Damage    Failure   Level
 Apportation              Tloc           0%         N/A       38%         1
 Kiss of Death            Conj/Necr      0%         2d5       38%         1
 Magic Dart               Conj           0%         1d3       38%         1
 Necrotise                Necr           0%         1d4       38%         1
 Summon Small Mammal      Summ           0%         N/A       38%         1
 Call Imp                 Summ           0%         N/A       52%         2
 Confusing Touch          Hex            0%         N/A       77%         3
 Dazzling Flash           Conj/Hex       0%         N/A       77%         3
 Inner Flame              Hex/Fire       0%         N/A       77%         3
 Mephitic Cloud           Conj/Pois/Air  0%         N/A       77%         3
 Ozocubu's Armour         Ice            0%         N/A       77%         3
 Stone Arrow              Conj/Erth      0%         3d7       77%         3
 Animate Armour           Summ/Erth      0%         N/A       99%         4
 Dispel Undead            Necr           0%         3d6       99%         4
 Olgreb's Toxic Radiance  Pois           0%         N/A       99%         4
 Agony                    Necr           0%         N/A       100%        5
 Metabolic Englaciation   Hex/Ice        0%         N/A       100%        5
 Silence                  Hex/Air        0%         N/A       100%        5
 Yara's Violent Unravell  Hex/Tmut       0%         3d3       100%        5
 Simulacrum               Ice/Necr       0%         N/A       100%        6
 Enfeeble                 Hex            0%         N/A       100%        7
 Discord                  Hex            0%         N/A       100%        8
 Ignition                 Fire           0%         3d3       100%        8
 Lehudib's Crystal Spear  Conj/Erth      0%         10d2      100%        8


Dungeon Overview and Level Annotations

Branches:
Dungeon (13/15) Zot: 26907  Temple (1/1) D:4 Zot: 5954    Lair (5/5) D:9 Zot: 24352
 Shoals (0/4) Lair:2       Spider (0/4) Lair:3        Slime (0/5) Lair:5
    Orc (2/2) D:9 Zot: 9866     Elf (0/3) Orc:2         Sewer (visited)
Gauntlet (visited)
 Vaults: D:13-14

Altars:
Ashenzari
Cheibriados
Dithmenos
Elyvilon
Fedhas
Gozag
Hepliaklqana
Kikubaaqudgha
Makhleb
Nemelex Xobeh
Okawaru
Qazlal
Ru
Sif Muna
Trog
Uskayaw
Vehumet
Wu Jian
Xom
Yredelemnul
Zin
The Shining One
Jiyva

Shops:
D:1 !   D:4 *   D:5 :   D:6 *   Orc:2 (:[*

Annotations:
D:11 exclusion: ice statue
D:12 Jorgrun


Innate Abilities, Weirdness & Mutations

You are too large for most types of armour.
You have claws for hands.
Your natural rate of healing is unusually fast.
You are covered in fur. (AC +1)
You have tough skin. (AC +1)


Message History

Okay, then.
Activating: Disaster Area (6% risk of failure)
Press: ? - help, Dir - look around, f - activate Nature churns violently around you!
The blast of ice hits the centaur!!!
You kill the centaur!
Qazlal accepts your kill.
The blast of ice hits your earth elemental!
Your earth elemental partially resists.
Your earth elemental is moderately damaged.
Your earth elemental is flash-frozen.
The blast of ice hits your fire elemental!!!
Your fire elemental is frozen!
You destroy your fire elemental!
Your fire elemental disappears in a puff of smoke!
The blast of rubble hits the centaur!!
You kill the centaur!
Qazlal accepts your kill.
You can no longer call upon nature's wrath in a wide area around you.
Your earth elemental disappears in a puff of smoke!
The seven-headed hydra bites you but does no damage.
The seven-headed hydra bites you.
* * * LOW HITPOINT WARNING * * *
The seven-headed hydra bites you but does no damage.
The seven-headed hydra barely misses you.
The seven-headed hydra bites you.
* * * LOW HITPOINT WARNING * * *
The seven-headed hydra bites you but does no damage.
The seven-headed hydra bites you!
* * * LOW HITPOINT WARNING * * *
Okay, then.
You fade into invisibility!
The centaur warrior shoots an arrow.
The arrow hits the seven-headed hydra!
The seven-headed hydra closely misses you.
The seven-headed hydra misses you.
The seven-headed hydra bites you but does no damage. x2
You block the seven-headed hydra's attack.
The seven-headed hydra bites you but does no damage.
The seven-headed hydra bites you!
You die...

#####)#.# .##
#)#.#
...######.#.#
#..........#
##.....§.c##
......≈≈.).#
.##......☼.#####.#
......≈.§.D......#
.##.....○.@#######
#.....○○.#
#........#######
###..###.......)
#..###.###########
#..#...#.).......#
#..#.###.#######.#
#. #.###.# #.#
#.#...# #.#


You could see a seven-headed hydra (unable to see you) and a centaur warrior
(unable to see you).

Vanquished Creatures
  An orc warlord (Orc:1)
  A minotaur (Gauntlet)
  Harold (D:9)
  An alligator (Orc:2)
  A centaur warrior (D:13)
  A two-headed ogre (D:12)
  Erica (D:9)
  3 boulder beetles
  7 death yaks
  Urug (Lair:4)
  A tengu warrior (D:13)
  5 orc high priests
  A soul eater (Gauntlet)
  Nergalle (Lair:3)
  A skyshark (Lair:5)
  A fire crab (Gauntlet)
  2 goliath frogs (Lair:5)
  A bog body (D:11)
  7 orc knights
  A deep elf pyromancer (D:12)
  Pikel (D:7)
  An ugly thing (D:12)
  4 orc sorcerers
  3 manticores (D:12)
  A cyclops (D:11)
  8 elephants (Lair:5)
  2 black mambas
  19 cane toads
  2 gargoyles
  2 rime drakes (D:11)
  7 komodo dragons
  2 ice devils
  5 trolls
  2 tyrant leeches
  A hornet (D:9)
  6 polar bears
  21 blink frogs
  3 slime creatures (D:12)
  2 wyverns
  A vampire (D:11)
  3 culicivoras
  A water elemental (D:11)
  A wraith (D:10)
  53 yaks
  A dire elephant simulacrum (D:11)
  2 basilisks
  5 fire bats (Gauntlet)
  15 vampire mosquitoes
  2 steam dragons
  4 wargs
  Menkaure (D:4)
  2 swamp worms (Lair:3)
  3 hell hounds (Gauntlet)
  A swamp worm (shapeshifter) (D:8)
  2 acid dragons (D:12)
  14 water moccasins
  2 ice beasts
  34 orc warriors
  3 sky beasts
  4 black bears
  23 wolves
  8 ogres
  3 lemures (D:6)
  20 centaurs
  A phantom (D:6)
  2 kobold brigands
  31 bullfrogs
  2 gnoll sergeants
  6 scorpions
  6 howler monkeys
  4 electric eels
  6 hounds
  19 orc priests
  Crazy Yiuf (D:7)
  5 jellies
  4 iguanas
  2 sleepcaps (D:5)
  Jessica (D:2)
  28 orc wizards
  A troll simulacrum (D:11)
  12 gnolls
  7 adders
  5 river rats
  6 shadow imps
  8 white imps
  2 ufetubi (D:5)
  6 worms
  A dart slug (D:1)
  76 orcs
  16 ball pythons
  8 endoplasms
  3 giant cockroaches
  3 hobgoblins
  6 quokkas
  7 bats
  5 frilled lizards
  9 goblins
  28 kobolds
  24 rats
690 creatures vanquished.

Vanquished Creatures (collateral kills)
  2 hydras
  Sonja (D:11)
  A black mamba (Lair:4)
  2 orc warriors (Orc:2)
  2 orc wizards (Orc:2)
  3 orcs (Orc:2)
11 creatures vanquished.

Vanquished Creatures (others)
  A gnoll (D:11)
1 creature vanquished.

Grand Total: 702 creatures vanquished

Notes
Turn   | Place    | Note
-------+----------+-------------------------------------------
     0 | D:1      | Arcadio the Troll Fighter began the quest for the Orb.
     0 | D:1      | Reached XP level 1. HP: 22/22 MP: 0/0
   194 | D:1      | Reached XP level 2. HP: 29/29 MP: 1/1
   286 | D:1      | Found Gackouf's Distillery.
   289 | D:1      | Bought a potion of curing for 36 gold pieces
   774 | D:2      | Reached XP level 3. HP: 32/36 MP: 2/2
  1072 | D:2      | Noticed Jessica
  1075 | D:2      | Killed Jessica
  1076 | D:2      | Reached XP level 4. HP: 29/45 MP: 3/3
  1236 | D:3      | Reached skill level 3 in Unarmed Combat
  1272 | D:1      | Bought a potion of heal wounds for 60 gold pieces
  1497 | D:3      | Found a faded altar of an unknown god.
  1547 | D:3      | Reached XP level 5. HP: 27/53 MP: 4/4
  1863 | D:4      | Found a staircase to the Ecumenical Temple.
  1874 | Temple   | Entered the Ecumenical Temple
  1897 | Temple   | Became a worshipper of Qazlal Stormbringer
  1936 | D:4      | Found a burning altar of Makhleb.
  1940 | D:4      | Found a glowing silver altar of Zin.
  1940 | D:4      | Noticed a green death
  1940 | D:4      | Noticed an angel
  1998 | D:4      | Noticed Menkaure
  2016 | D:4      | Killed Menkaure
  2017 | D:4      | Reached skill level 4 in Unarmed Combat
  2017 | D:4      | Reached XP level 6. HP: 40/62 MP: 5/5
  2077 | D:4      | Found Caadaifa's Neck Hole.
  2111 | D:4      | Bought a +0 cloak for 63 gold pieces
  2534 | D:5      | Entered Level 5 of the Dungeon
  2848 | D:5      | Noticed an ice beast
  2872 | D:5      | Killed an ice beast
  2873 | D:5      | Reached XP level 7. HP: 31/71 MP: 6/6
  2955 | D:5      | Reached skill level 5 in Unarmed Combat
  2986 | D:5      | Found a shadowy altar of Dithmenos.
  3061 | D:5      | Reached skill level 5 in Fighting
  3084 | D:5      | Reached * piety under Qazlal
  3085 | D:5      | Reached skill level 5 in Dodging
  3125 | D:5      | Reached XP level 8. HP: 56/80 MP: 7/7
  3348 | D:4      | Reached skill level 6 in Unarmed Combat
  3403 | D:5      | Found Xeoses's Book Emporium.
  3487 | D:5      | Found a hazy altar of Hepliaklqana.
  3504 | D:5      | Identified the +3 leather armour of Fun {Dex+4}
  3864 | D:6      | Reached ** piety under Qazlal
  3865 | D:6      | Reached skill level 1 in Armour
  3865 | D:6      | Reached skill level 7 in Unarmed Combat
  3865 | D:6      | Reached XP level 9. HP: 81/89 MP: 8/8
  3890 | D:6      | Found a glowing drain.
  3908 | Sewer    | Entered a sewer
  4096 | Sewer    | Reached *** piety under Qazlal
  4840 | D:6      | Found Qimate's General Store.
  5240 | D:7      | Noticed Pikel
  5269 | D:7      | Killed Pikel
  5270 | D:7      | Reached skill level 8 in Unarmed Combat
  5628 | D:7      | Reached **** piety under Qazlal
  6095 | D:7      | Found a runed translucent door.
  6096 | D:7      | Noticed Crazy Yiuf
  6100 | D:7      | Killed Crazy Yiuf
  6201 | D:8      | Reached XP level 10. HP: 102/102 MP: 9/9
  6415 | D:8      | Noticed a deep troll
  6415 | D:8      | a deep troll changed into an elephant
  6415 | D:8      | Noticed an elephant (shapeshifter)
  6423 | D:8      | an elephant changed into a swamp worm
  6903 | D:9      | Reached skill level 9 in Unarmed Combat
  6931 | D:9      | Found a blossoming altar of Fedhas.
  6934 | D:9      | Noticed Erica
  6936 | D:9      | Reached skill level 1 in Invocations
  6940 | D:9      | Found a shimmering blue altar of Sif Muna.
  6941 | D:9      | Found a broken altar of Ashenzari.
  6941 | D:9      | Found a snail-covered altar of Cheibriados.
  7076 | D:9      | Killed Erica
  7077 | D:9      | Reached skill level 5 in Armour
  7157 | D:9      | Found a sacrificial altar of Ru.
  7210 | D:9      | Found a staircase to the Lair.
  7330 | D:9      | Found a hide-covered altar of Uskayaw.
  7568 | D:9      | Found a staircase to the Orcish Mines.
  7597 | Orc:1    | Entered Level 1 of the Orcish Mines
  7597 | Orc:1    | Noticed an orc knight
  7601 | Orc:1    | Noticed an orc sorcerer
  7772 | Lair:1   | Entered Level 1 of the Lair of Beasts
  7780 | Lair:1   | Reached ***** piety under Qazlal
  7800 | Lair:1   | Reached XP level 11. HP: 86/113 MP: 12/12
  7950 | Lair:1   | Reached skill level 10 in Unarmed Combat
  8950 | Lair:2   | Reached skill level 5 in Invocations
  9193 | Lair:2   | Found an ancient bone altar of Kikubaaqudgha.
  9229 | Lair:2   | Found a staircase to the Shoals.
  9480 | Lair:2   | Noticed a seven-headed hydra
  9495 | Lair:2   | Killed a seven-headed hydra
  9882 | Lair:3   | Reached skill level 11 in Unarmed Combat
  9916 | Lair:3   | Noticed a death yak
  9919 | Lair:3   | Noticed a death yak
  9940 | Lair:2   | Killed a death yak
  9941 | Lair:2   | Reached XP level 12. HP: 72/124 MP: 15/15
  9985 | Lair:2   | Killed a death yak
 10022 | Lair:3   | Noticed a death yak
 10031 | Lair:3   | Noticed a death yak
 10032 | Lair:3   | Noticed a death yak
 10096 | Lair:2   | Killed a death yak
 10100 | Lair:3   | Noticed a death yak
 10116 | Lair:2   | Killed a death yak
 10244 | Lair:1   | Killed a death yak
 10251 | Lair:1   | Killed a death yak
 10252 | Lair:1   | Reached skill level 10 in Fighting
 10381 | Lair:3   | Noticed Nergalle
 10406 | Lair:3   | Killed Nergalle
 10899 | Lair:3   | Found a hole to the Spider Nest.
 11516 | Lair:4   | Reached skill level 12 in Unarmed Combat
 11858 | Lair:4   | Noticed Urug
 11871 | Lair:4   | Killed Urug
 12016 | Lair:4   | Reached XP level 13. HP: 135/135 MP: 17/17
 12282 | Lair:5   | Entered Level 5 of the Lair of Beasts
 12384 | Lair:5   | Found a viscous altar of Jiyva.
 12384 | Lair:5   | Found a staircase to the Slime Pits.
 12806 | Lair:5   | Reached skill level 13 in Unarmed Combat
 13742 | Orc:1    | Paralysed by an orc sorcerer for 5 turns
 13960 | Orc:1    | Noticed Harold
 13973 | D:9      | Reached XP level 14. HP: 80/146 MP: 19/19
 14035 | D:9      | Killed Harold
 14336 | Orc:2    | Entered Level 2 of the Orcish Mines
 14338 | Orc:2    | Reached ****** piety under Qazlal
 14512 | Orc:2    | Reached skill level 10 in Dodging
 14967 | Orc:2    | Found a staircase to the Elven Halls.
 15146 | Orc:2    | Noticed an orc warlord
 15225 | Orc:1    | Killed an orc warlord
 15889 | Orc:2    | Found Bonud's Antique Armour Shop.
 15890 | Orc:2    | Found Gast's Antique Weapon Boutique.
 15892 | Orc:2    | Found Oppe's General Store.
 15892 | Orc:2    | Found Ebe Xati's Book Shop.
 16002 | Orc:2    | Bought a manual of Armour for 1040 gold pieces
 16094 | D:10     | Entered Level 10 of the Dungeon
 16747 | D:11     | Found a flickering gateway to a bazaar.
 16761 | Bazaar   | Entered a bazaar
 16775 | Bazaar   | Found Xiliorr's Armour Emporium.
 16794 | Bazaar   | Found Getteudekh's Weapon Emporium.
 16794 | Bazaar   | Found Onoik's Jewellery Shoppe.
 16817 | Bazaar   | Found Jextih's Armour Shoppe.
 16833 | Bazaar   | Found Yshronun's Antique Armour Emporium.
 16833 | Bazaar   | Found Erinkao's Weapon Shoppe.
 16909 | Bazaar   | Bought a ring of see invisible for 165 gold pieces
 16930 | Bazaar   | Bought a +2 cloak of stealth for 193 gold pieces
 17067 | D:11     | Reached skill level 10 in Invocations
 17130 | D:11     | Reached skill level 14 in Unarmed Combat
 17140 | D:11     | Found a gate leading to a gauntlet.
 17149 | Gauntlet | Entered a Gauntlet
 17149 | Gauntlet | Found a transporter.
 17153 | Gauntlet | Found a transporter.
 17155 | Gauntlet | Found a transporter.
 17169 | Gauntlet | Found a transporter.
 17183 | Gauntlet | Found a runed translucent door.
 17186 | Gauntlet | Found a transporter.
 17186 | Gauntlet | Found a transporter.
 17241 | Gauntlet | Found a transporter.
 17243 | Gauntlet | Found a transporter.
 17358 | Gauntlet | Found a transporter.
 17378 | Gauntlet | Found a transporter.
 17390 | Gauntlet | Found a transporter.
 17390 | Gauntlet | Found a transporter.
 17390 | Gauntlet | Identified the ring of Hukocoq {rElec Str+6 Int+6}
 17398 | Gauntlet | Found a transporter.
 17476 | D:11     | Identified the +6 quarterstaff "Ovazav" {flame, *Rage Will+
                  | Dex+5}
 17571 | D:11     | Noticed Sonja
 17574 | D:11     | Killed Sonja
 17969 | D:11     | Found a radiant altar of Vehumet.
 18355 | D:12     | Noticed Jorgrun
 18756 | D:12     | Reached XP level 15. HP: 153/158 MP: 21/21
 19033 | D:13     | HP: 7/158 [seven-headed hydra (8)]
 19034 | D:13     | Slain by a seven-headed hydra

Illustrated notes

Levels and vault maps discovered:
D:1:      matt_arrival_los_fun, layout_loops_ring, serial_shops,
          nicolae_shop_tiny_real_fake_doors
D:2:      layout_loops_ring, feat_on_display, uniq_jessica
D:3:      layout_basic, hellmonk_ecumenical_altar_arch_garden
D:4:      layout_rooms, grunt_temple_overflow_order_and_chaos_2, temple_green,
          nicolae_shop_sticking_my_neck_out, uniq_menkaure
D:5:      minmay_bubble_buster, layout_basic,
          nicolae_dithmenos_through_a_glass_darkly, kennysheep_mini,
          serial_shops, nicolae_shop_tiny_statue_garden
D:6:      layout_loops_ring, serial_shops, shop_fountains, portal_sewer_entry_c
D:7:      layout_basic, uniq_crazy_yiuf_cottage, uniq_pikel
D:8:      layout_basic
D:9:      layout_basic, overflow_temple_1_default, old_standard_altar,
          chequers_temple_overflow_statue_of_worship, lair_entry_dummy,
          minmay_orc_entry_temple_small, uniq_erica
D:10:     layout_long_grid, palyth_stone_intersect, grunt_ministairs_14,
          dk_noncrumbling_3
D:11:     dreamdust_isle_of_ice, layout_long_grid, serial_bayou,
          serial_bayou_pond_d, serial_bayou_pond_d, serial_bayou_ford_a,
          serial_bayou_pond_e, serial_bayou_pond_e, serial_bayou_pond_c,
          serial_shops, bzr_entry_gold, gauntlet_entry_generic,
          fiery_altar_vehumet, uniq_sonja
D:12:     nzn_winding_woodlands_three_and_one
          [nzn_winding_woodlands_5x15_concentric,
          nzn_winding_woodlands_5x15_lazy_stream,
          nzn_winding_woodlands_5x15_zeroes,
          nzn_winding_woodlands_center_garden], layout_loops_ring,
          nicolae_danse_macabre, uniq_nessos, uniq_josephine, uniq_jorgrun
D:13:     gammafunk_indiana_jones, layout_basic
Temple:   chequers_temple_sunken
Lair:1:   layout_regular_city, pdpol_lair_neglected_garden, beast_lair_carwin_1
Lair:2:   layout_cave_shapes, shoals_dummy_entry, lemuel_centaur_altar,
          serial_bayou_shore_b, lemuel_fruit_tree
Lair:3:   layout_regular_city, hellmonk_spider_entry_life_and_decay,
          worms_lemuel, serial_bayou_shore_b, uniq_nergalle
Lair:4:   layout_regular_city, minivault_26, uniq_urug
Lair:5:   minmay_lair_end_frog_pond, layout_misc_corridors,
          nicolae_slime_entry_slimehenge, infiniplex_staircase_pool_2
Orc:1:    layout_caves, basic_altar, nicolae_orc_flooded_monolith, uniq_harold
Orc:2:    st_orc_congregation, layout_caves, abandoned_shop, mines1_david

Skill      XL: |  1  2  3  4  5  6  7  8  9 10 11 12 13 14 15 |
---------------+----------------------------------------------+-----
Fighting       | 3 4 5 6 7 8 9 10 11 12 | 12.5
Dodging        | 3 4 5 7 9 11 12 | 12.0
Unarmed Combat | 3 4 5 7 8 9 11 12 13 14 | 14.5
Armour         | 1 4 5 7 8 |  8.0
Invocations    | 3 5 7 9 10 | 10.7
Shields        | |  2.7

Action                     |  1- 3 |  4- 6 |  7- 9 | 10-12 | 13-15 || total
---------------------------+-------+-------+-------+-------+-------++-------
  Melee: Unarmed           |    81 |   159 |   330 |   512 |   719 ||  1801
         Punch             |       |     3 |    15 |    35 |    63 ||   116
 Invoke: Elemental Force   |       |       |       |     2 |     7 ||     9
         Upheaval          |       |       |       |     1 |     1 ||     2
         Disaster Area     |       |       |       |       |     6 ||     6
  Evoke: Wand              |       |     2 |       |    10 |     4 ||    16
         Tin of tremorston |       |       |       |     1 |     1 ||     2
         Phial of floods   |       |       |       |       |     1 ||     1
    Use: Potion            |       |     3 |     2 |     4 |     5 ||    14
         Scroll            |       |       |     4 |     7 |     8 ||    19
   Stab: Sleeping          |     1 |       |       |       |       ||     1
 Armour: Robe              |    50 |   115 |    95 |       |       ||   260
         Steam dragon scal |       |       |   145 |   309 |   458 ||   912
         Troll leather arm |       |       |       |       |    67 ||    67
  Dodge: Dodged            |    44 |   106 |   316 |   343 |   561 ||  1370
         Repelled          |       |       |       |     8 |     9 ||    17
  Block: Other             |       |       |    51 |   134 |   288 ||   473

Table legend: (Time is in decaauts)
 A = Elapsed time spent in this place.
 B = Non-inter-level travel time spent in this place.
 C = Inter-level travel time spent in this place.
 D = Time resting spent in this place.
 E = Time spent auto-exploring this place.
 F = Levels seen in this place.
 G = Mean time per level.
                   A        B        C        D        E       F      G
               +--------+--------+--------+--------+--------+-----+--------+
         Total |  18772 |  18004 |    768 |   1932 |  10982 |  24 |  782.2 |
       Dungeon |   9773 |   9348 |    425 |    745 |   6078 |  13 |  751.8 |
        Temple |     45 |      2 |     43 |      0 |      0 |   1 |   45.0 |
          Lair |   5647 |   5397 |    250 |    385 |   3794 |   5 | 1129.4 |
  Orcish Mines |   2133 |   2083 |     50 |    677 |    754 |   2 | 1066.5 |
        Bazaar |    300 |    300 |      0 |      0 |     63 |   1 |  300.0 |
         Sewer |    571 |    571 |      0 |    100 |    293 |   1 |  571.0 |
      Gauntlet |    300 |    300 |      0 |     25 |      0 |   1 |  300.0 |
               +--------+--------+--------+--------+--------+-----+--------+

Top non-repeatable levels by time:
  Lair:2: 1361 daAuts
   Orc:1: 1221 daAuts
     D:9: 1165 daAuts
  Lair:3: 1148 daAuts
  Lair:1: 1084 daAuts
    D:11: 1057 daAuts
  Lair:5: 1049 daAuts
  Lair:4: 1004 daAuts
     D:5: 973 daAuts
     D:4: 966 daAuts
   Orc:2: 911 daAuts
     D:7: 869 daAuts
     D:8: 865 daAuts
     D:6: 833 daAuts
     D:1: 742 daAuts
